 Dungeon Crawl Stone Soup version 0.28.0-53-g5a82cb258f (webtiles) character file.

Game seed: 2730305256220360218

43995 Kelpie the Fighter (level 13, -12/125 HPs)
             Began as a Minotaur Fighter on July 11, 2022.
             Was a High Priest of Okawaru.
             Mangled by a komodo dragon (20 damage)
             ... on level 5 of the Lair of Beasts on July 12, 2022.
             The game lasted 02:42:53 (30056 turns).

Kelpie the Fighter (Minotaur Fighter)              Turns: 30056, Time: 02:42:53

Health: -12/125    AC: 19    Str: 24    XL:     13   Next: 93%
Magic:  12/12      EV:  8    Int:  5    God:    Okawaru [*****.]
Gold:   921        SH:  5    Dex: 14    Spells: 12/12 levels left

rFire   . . .      SeeInvis .   a - +0 great mace (holy)
rCold   . . .      Faith    .   (shield currently unavailable)
rNeg    . . .      Spirit   .   S - +1 plate armour of the Forsaken Dances {Fly rElec rPois rC-}
rPois   +          Reflect  +   (helmet restricted)
rElec   +          Harm     .   T - +1 cloak "Huurimun" {Dex+2}
rCorr   +          Rampage  .   I - +0 pair of gloves of Quphes {rC+}
Will    .....                   (no boots)
Stlth   ..........              u - amulet of reflection
HPRegen 0.30/turn               y - ring of poison resistance
MPRegen 0.13/turn               G - ring of resist corrosion

@: about to teleport, flying
A: horns 2, retaliatory headbutt
a: Renounce Religion, Heroism, Finesse, Duel


You were on level 5 of the Lair of Beasts.
You worshipped Okawaru.
Okawaru was extremely pleased with you.
You visited 4 branches of the dungeon, and saw 19 of its levels.

You collected 1416 gold pieces.
You spent 495 gold pieces at shops.

Inventory:

Hand Weapons
 a - a +0 great mace of holy wrath (weapon)
 b - a +1 shortbow
 w - a +0 dire flail
 F - a +0 battleaxe
Missiles
 e - 266 arrows
 i - 119 bolts
 v - 9 boomerangs (quivered)
 B - 9 poisoned darts
 C - 6 atropa-tipped darts
 K - 5 curare-tipped darts
Armour
 g - the +0 crystal plate armour of Searream {rC++ Str+6 Dex-2}
   (You acquired it on level 8 of the Dungeon)

   Str:       It affects your strength (+6).
   Dex:       It affects your dexterity (-2).
   rC:        It greatly protects you from cold.
 I - the +0 pair of gloves of Quphes (worn) {rC+}
   (Okawaru gifted it to you on level 5 of the Lair of Beasts)

   rC:        It protects you from cold.
 S - the +1 plate armour of the Forsaken Dances (worn) {Fly rElec rPois rC-}
   (You bought it in a shop on level 12 of the Dungeon)

   rC:        It makes you vulnerable to cold.
   rElec:     It insulates you from electricity.
   rPois:     It protects you from poison.
   Fly:       It grants you flight.
 T - the +1 cloak "Huurimun" (worn) {Dex+2}
   (Okawaru gifted it to you on level 1 of the Lair of Beasts)

   Dex:       It affects your dexterity (+2).
Jewellery
 j - an amulet of the acrobat
 n - an amulet of magic regeneration
 u - an amulet of reflection (around neck)
 y - a ring of poison resistance (left hand)
 z - a +4 ring of evasion
 D - a ring of see invisible
 E - an amulet of regeneration
 G - a ring of resist corrosion (right hand)
 P - a ring of fire
 Q - a ring of ice
Wands
 h - a wand of digging (3)
 k - a wand of charming (8)
 q - a wand of paralysis (11)
 A - a wand of flame (22)
 R - a wand of iceblast (1)
Scrolls
 c - 4 scrolls of magic mapping
 d - 2 scrolls of fear
 m - 5 scrolls of identify
 o - a scroll of silence
 x - 3 scrolls of teleportation
 H - a scroll of blinking
 N - a scroll of holy word
Potions
 f - a potion of ambrosia
 l - a potion of curing
 p - a potion of magic
 r - 3 potions of lignification
 s - 4 potions of flight
 t - a potion of mutation
 J - 2 potions of attraction
 L - 3 potions of brilliance
 M - 2 potions of invisibility
 O - a potion of might


   Skills:
 * Level 14.7 Fighting
 - Level 8.5(12.6) Axes
 * Level 14.6(15.5) Maces & Flails
 * Level 11.5 Bows
 + Level 3.2 Throwing
 + Level 10.4 Armour
 + Level 2.5 Dodging
 + Level 1.0 Stealth
 - Level 4.0 Shields
 + Level 0.2 Invocations
 * Level 7.2 Evocations


You had 12 spell levels left.
You didn't know any spells.
Your spell library contained the following spells:

 Spells                   Type           Power      Damage    Failure   Level
 Sandblast                Erth           0%         2d4       99%         1
 Corpse Rot               Necr/Air       0%         N/A       100%        2
 Passwall                 Tmut/Erth      0%         N/A       100%        2
 Static Discharge         Conj/Air       0%         N/A       100%        2
 Conjure Flame            Conj/Fire      0%         6-21      100%        3
 Dazzling Flash           Conj/Hex       0%         N/A       100%        3
 Gell's Gravitas          Tloc           0%         N/A       100%        3
 Ignite Poison            Fire/Tmut/Pois 0%         N/A       100%        3
 Portal Projectile        Hex/Tloc       0%         N/A       100%        3
 Stone Arrow              Conj/Erth      0%         3d7       100%        3
 Teleport Other           Tloc           0%         N/A       100%        3
 Airstrike                Air            0%         N/A       100%        4
 Dispel Undead            Necr           0%         3d6       100%        4
 Iskenderun's Mystic Bla  Conj/Tloc      0%         2d3       100%        4
 Leda's Liquefaction      Hex/Erth       0%         N/A       100%        4
 Sticky Flame             Conj/Fire      0%         2d3       100%        4
 Fireball                 Conj/Fire      0%         3d3       100%        5
 Lee's Rapid Deconstruct  Erth           0%         3d5*      100%        5
 Lightning Bolt           Conj/Air       0%         1d11      100%        5
 Dispersal                Tloc           0%         N/A       100%        6
 Starburst                Conj/Fire      0%         6d3       100%        6
 Statue Form              Tmut/Erth      0%         N/A       100%        6
 Ignition                 Fire           0%         3d3       100%        8
 Summon Small Mammal      Summ           Unusable   N/A       N/A         1
 Call Canine Familiar     Summ           Unusable   N/A       N/A         3
 Summon Guardian Golem    Hex/Summ       Unusable   N/A       N/A         3
 Summon Lightning Spire   Summ/Air       Unusable   N/A       N/A         4
 Death Channel            Necr           Unusable   N/A       N/A         6

Dungeon Overview and Level Annotations

Branches:
Dungeon (12/15)            Temple (1/1) D:5            Lair (5/6) D:9
  Swamp (1/4) Lair:4       Spider (0/4) Lair:4          Orc (0/2) D:12
  Slime: Lair:5-6

Altars:
Ashenzari
Cheibriados
Dithmenos
Elyvilon
Fedhas
Gozag
Hepliaklqana
Kikubaaqudgha
Makhleb
Nemelex Xobeh
Okawaru
Qazlal
Ru
Sif Muna
Trog
Uskayaw
Vehumet
Wu Jian
Xom
Yredelemnul
Zin
The Shining One
Beogh

Shops:
D:4 [   D:7 **   D:10 *   D:12 [

Portals:
Trove: D:10 (give +6 fire dragon scales)

Annotations:
D:3 3 runed translucent doors, erker's ghost, amateur OpTm
D:7 Maurice
D:9 exclusions: obsidian statue and orange crystal statue
Lair:2 3 runed translucent doors, Metae's ghost, journeyman MiFi
Lair:4 1 runed translucent door, Plog's ghost, journeyman GrFi


Innate Abilities, Weirdness & Mutations

You have a pair of horns on your head.
You reflexively headbutt those who attack you in melee.


Message History

The cane toad stings you but does no damage.
You block the water moccasin's attack.
You thump the cane toad! You headbutt the cane toad.
The cane toad is heavily wounded.
The water moccasin bites you. You block the cane toad's attack.
A komodo dragon comes into view.
The water moccasin bites you but does no damage.
You hit the cane toad. You headbutt the cane toad!
The cane toad is severely wounded.
The cane toad stings you! The water moccasin closely misses you.
You furiously retaliate!
You headbutt the water moccasin, but do no damage.
You flatten the cane toad like a pancake!!!
You kill the cane toad!
Okawaru accepts your kill. The water moccasin barely misses you.
You bludgeon the fire crab!!
You headbutt the fire crab, but do no damage.
The fire crab is moderately wounded.
The water moccasin bites you but does no damage.
The fire crab bites you but does no damage.
The fire crab claws you.
You are engulfed in flames!
You bludgeon the fire crab!!
The fire crab is almost dead.
You hear an angry hiss.
The water moccasin bites you but does no damage.
You block the water moccasin's attack. The komodo dragon bites you!
The fire crab bites you!
* * * LOW HITPOINT WARNING * * *
You are engulfed in flames!
* * * LOW HITPOINT WARNING * * *
The fire crab claws you.
* * * LOW HITPOINT WARNING * * *
You are engulfed in flames!
* * * LOW HITPOINT WARNING * * *
As you read the scroll of teleportation, it crumbles to dust.
You feel strangely unstable.
The water moccasin bites you but does no damage.
The komodo dragon bites you!!
You die...

.........# #....... ...#######
##### #. ...#♣♣.♣♣ #...♣ #.
...#♣.≈.♣# ♣♣# #♣♣ #.♣♣♣♣#.
...#.≈≈≈.# ..#.. #.....#.
...#.≈≈≈.# ... #♣♣♣♣.#.
...#.≈≈≈.########†########.....#.
...#.≈≈≈.#.....#Sl.#.♣.♣.#.♣♣♣♣#.
...#♣≈≈≈♣♣.♣.♣.♣@t.♣♣.♣.♣♣.....#.
.....≈≈≈...♣.♣.÷>8<'.♣.♣...♣♣♣...
...#♣≈≈≈♣♣.♣♣♣.♣...♣♣.♣.♣♣.....#.
...#.≈≈≈.#.♣ ♣.#...#.♣.♣.#.♣♣♣♣#.
...#.≈≈≈.### ####'########.....#.
...#.≈≈≈.#♣♣♣♣♣♣...♣♣♣♣♣♣#♣♣♣♣.#.
...#.≈≈≈.#♣.♣.♣.≈≈≈.♣.♣.♣#.....#.
...#♣.≈.♣#......≈≈≈......#.♣♣♣♣#.
...#♣♣.♣♣#♣.♣.♣.≈≈≈.♣.♣.♣#...♣ #.


You could see a fire crab, a komodo dragon and a water moccasin.

Vanquished Creatures
  Josephine (D:10)
  Erolcha (D:10)
  A boulder beetle (D:11)
  4 hydras (Lair:5)
  A catoblepas (Lair:5)
  7 two-headed ogres
  Nergalle (D:11)
  Pikel (D:8)
  3 cyclopes
  2 manticores (D:12)
  4 black mambas
  5 elephants (Lair:2)
  Joseph (D:8)
  A centaur zombie (D:11)
  17 cane toads
  2 gargoyles (D:12)
  4 rime drakes
  8 komodo dragons
  A meliai (Lair:4)
  A polar bear (Lair:5)
  A hornet (Lair:5)
  5 blink frogs (Lair:4)
  4 slime creatures (D:12)
  Prince Ribbit (D:6)
  Sigmund (D:6)
  A dream sheep (Lair:5)
  2 shadows (D:12)
  7 wraiths
  38 yaks
  2 wyverns
  Grum (D:9)
  2 basilisks (Lair:4)
  A steam dragon (Lair:5)
  7 vampire mosquitoes
  2 acid dragons
  15 water moccasins
  10 orc warriors
  A sky beast (D:8)
  2 black bears
  6 necrophages
  An ogre (D:5)
  3 centaurs
  3 lemures (D:8)
  18 wolves
  A phantom (D:5)
  A kobold brigand (D:6)
  12 bullfrogs
  2 gnoll sergeants
  4 scorpions
  A water moccasin zombie (D:5)
  21 killer bees
  10 wights
  An electric eel (D:8)
  A lava snake (Lair:2)
  6 jellies
  A bullfrog zombie (D:7)
  3 hounds
  7 orc priests
  A centaur skeleton (D:6)
  9 orc wizards
  A hound zombie (D:5)
  14 gnolls
  6 adders
  2 shadow imps
  An ufetubus (D:4)
  2 worms
  3 dart slugs
  40 orcs
  8 endoplasms
  2 giant cockroaches
  9 goblins
  6 hobgoblins
  4 jackals
  A quokka (D:2)
  6 ball pythons
  5 bats
  2 frilled lizards (D:1)
  A goblin zombie (D:4)
  14 kobolds
  3 rats
  A rat zombie (D:4)
412 creatures vanquished.

Vanquished Creatures (others)
  An orc wizard (D:4)
  A fire vortex (Lair:2)
  30 fungi
  100 plants
132 creatures vanquished.

Grand Total: 544 creatures vanquished

Notes
Turn   | Place    | Note
-------+----------+-------------------------------------------
     0 | D:1      | Kelpie the Minotaur Fighter began the quest for the Orb.
     0 | D:1      | Reached XP level 1. HP: 19/19 MP: 0/0
   330 | D:1      | Reached XP level 2. HP: 26/27 MP: 1/1
   876 | D:1      | Found a faded altar of an unknown god.
  1163 | D:2      | Reached XP level 3. HP: 23/33 MP: 2/2
  1330 | D:2      | Noticed a black bear
  1332 | D:2      | Reached XP level 4. HP: 34/40 MP: 3/3
  2028 | D:2      | Killed a black bear
  2029 | D:2      | Reached skill level 5 in Maces & Flails
  2029 | D:2      | Reached XP level 5. HP: 44/47 MP: 4/4
  3155 | D:3      | Found a runed translucent gate.
  3155 | D:3      | Found a runed translucent gate.
  3156 | D:3      | Found a runed translucent gate.
  3158 | D:3      | Noticed erker's ghost (amateur OpTm)
  3158 | D:3      | Identified the +5 whip of Light {vorpal, rF+ rN+ Int+8
                  | Dex-2}
  3706 | D:4      | Reached skill level 5 in Fighting
  3768 | D:4      | Found Ytemonudgh's Armour Shop.
  3771 | D:4      | Reached XP level 6. HP: 56/56 MP: 5/5
  3822 | D:4      | Reached skill level 1 in Dodging
  4158 | D:4      | Found a sand-covered staircase.
  4268 | D:4      | Found a faded altar of an unknown god.
  4268 | D:4      | Found a faded altar of an unknown god.
  4268 | D:4      | Found a faded altar of an unknown god.
  4268 | D:4      | Found a faded altar of an unknown god.
  4271 | D:4      | Found a hazy altar of Hepliaklqana.
  4738 | D:5      | Entered Level 5 of the Dungeon
  4767 | D:5      | Reached XP level 7. HP: 56/63 MP: 6/6
  5044 | D:5      | Found a staircase to the Ecumenical Temple.
  5058 | Temple   | Entered the Ecumenical Temple
  5191 | Temple   | Became a worshipper of Warmaster Okawaru
  5386 | D:5      | Reached * piety under Okawaru
  5421 | D:5      | Reached XP level 8. HP: 57/73 MP: 7/7
  5811 | D:6      | Noticed Sigmund
  6239 | D:6      | Reached skill level 1 in Throwing
  6335 | D:6      | Noticed Prince Ribbit
  6350 | D:6      | Killed Sigmund
  6365 | D:6      | Killed Prince Ribbit
  6365 | D:6      | Reached ** piety under Okawaru
  6566 | D:6      | Reached skill level 10 in Maces & Flails
  7026 | D:6      | Reached XP level 9. HP: 56/83 MP: 8/8
  8027 | D:7      | Reached skill level 1 in Evocations
  8220 | D:7      | Found Weheat Mueg's General Store.
  8224 | D:7      | Found Miegoiha's Specific Store.
  8239 | D:7      | Reached skill level 10 in Fighting
  8264 | D:7      | Reached *** piety under Okawaru
  8658 | D:8      | Noticed Maurice
  9056 | D:8      | Noticed a two-headed ogre
  9065 | D:8      | Killed a two-headed ogre
  9066 | D:8      | Reached skill level 1 in Stealth
  9254 | D:8      | Noticed a two-headed ogre
  9265 | D:8      | Killed a two-headed ogre
  9265 | D:8      | Reached **** piety under Okawaru
  9266 | D:8      | Reached XP level 10. HP: 69/94 MP: 9/9
  9750 | D:8      | Noticed Joseph
  9766 | D:8      | Killed Joseph
 10055 | D:8      | Noticed Pikel
 10070 | D:8      | Killed Pikel
 10831 | D:8      | Identified a scroll of acquirement
 10831 | D:8      | Acquired the +0 crystal plate armour of Searream {rC++
                  | Str+6 Dex-2}
 11126 | D:9      | Found a staircase to the Lair.
 11130 | D:9      | Reached skill level 5 in Bows
 11278 | D:9      | Reached ***** piety under Okawaru
 11630 | D:9      | Noticed an orange crystal statue
 11816 | D:9      | Noticed Grum
 11840 | D:9      | Killed Grum
 11841 | D:9      | Reached skill level 5 in Armour
 12011 | D:9      | Noticed an obsidian statue
 12265 | D:9      | Noticed a two-headed ogre
 12274 | D:9      | Killed a two-headed ogre
 12274 | D:9      | Received a gift from Okawaru
 12679 | D:10     | Entered Level 10 of the Dungeon
 12790 | D:10     | Received a gift from Okawaru
 12811 | D:10     | Noticed Josephine
 12827 | D:10     | Reached XP level 11. HP: 102/102 MP: 10/10
 12836 | D:10     | Killed Josephine
 13643 | D:10     | Found Saddom's Assorted Antiques.
 13713 | D:10     | Noticed a two-headed ogre
 13726 | D:10     | Killed a two-headed ogre
 13726 | D:10     | Received a gift from Okawaru
 13890 | D:10     | Received a gift from Okawaru
 13949 | D:10     | Found a portal to a secret trove of treasure.
 13992 | D:10     | Noticed Erolcha
 14074 | D:10     | Killed Erolcha
 14074 | D:10     | Received a gift from Okawaru
 14957 | D:11     | Noticed Nergalle
 14981 | D:11     | Killed Nergalle
 14982 | D:11     | Reached skill level 1 in Axes
 15012 | D:11     | Reached skill level 5 in Evocations
 15177 | D:11     | Found an iron altar of Okawaru.
 15198 | D:11     | Noticed a two-headed ogre
 15218 | D:11     | Killed a two-headed ogre
 16265 | D:12     | Found Rigelule's Armour Shop.
 16265 | D:12     | Found a staircase to the Orcish Mines.
 16342 | D:12     | Identified the +1 robe of Modesty {rC+ Str+2} (Okawaru
                  | gifted it to you on level 12 of the Dungeon)
 16342 | D:12     | Received a gift from Okawaru
 16462 | D:12     | Reached XP level 12. HP: 73/113 MP: 11/11
 16685 | D:12     | Bought the +1 plate armour of the Forsaken Dances {Fly
                  | rElec rPois rC-} for 495 gold pieces
 17134 | D:12     | Noticed a boulder beetle
 17378 | D:11     | Killed a boulder beetle
 18707 | D:12     | Noticed a two-headed ogre
 18715 | D:12     | Killed a two-headed ogre
 18951 | D:12     | Noticed a two-headed ogre
 18957 | D:12     | Killed a two-headed ogre
 19125 | Lair:1   | Entered Level 1 of the Lair of Beasts
 19213 | Lair:1   | Reached skill level 10 in Bows
 19722 | Lair:1   | Identified the +1 cloak "Huurimun" {Dex+2} (Okawaru gifted
                  | it to you on level 1 of the Lair of Beasts)
 19722 | Lair:1   | Received a gift from Okawaru
 20146 | Lair:1   | Reached skill level 5 in Axes
 21289 | Lair:2   | Found a runed translucent gate.
 21290 | Lair:2   | Found a runed translucent gate.
 21291 | Lair:2   | Found a runed translucent gate.
 21294 | Lair:2   | Noticed Metae's ghost (journeyman MiFi)
 21337 | Lair:2   | Reached XP level 13. HP: 51/122 MP: 12/12
 23710 | Lair:3   | Identified the +6 chain mail "Xoux" {Fly}
 23784 | Lair:3   | Reached ****** piety under Okawaru
 25308 | Lair:4   | Found a runed translucent door.
 25313 | Lair:4   | Noticed Plog's ghost (journeyman GrFi)
 25820 | Lair:4   | Received a gift from Okawaru
 26250 | Lair:4   | Found a staircase to the Swamp.
 26358 | Lair:4   | Found a hole to the Spider Nest.
 26936 | Swamp:1  | Entered Level 1 of the Swamp
 27414 | Lair:5   | HP: 4/125 [eight-headed hydra (6)]
 28381 | Lair:5   | Reached skill level 10 in Armour
 29160 | Lair:5   | Identified the +0 pair of gloves of Quphes {rC+} (Okawaru
                  | gifted it to you on level 5 of the Lair of Beasts)
 29160 | Lair:5   | Received a gift from Okawaru
 30056 | Lair:5   | Mangled by a komodo dragon

Illustrated notes

Levels and vault maps discovered:
D:1:      matt_arrival_grand_opening, layout_basic,
          hellmonk_ecumenical_altar_run_dry, serial_bayou_ford_a,
          minmay_hexomino_p4
D:2:      layout_basic, hangedman_decor_clover_reticule, chequers_big_river
D:3:      layout_loops_corners, biasface_ghost_orc_armoury
D:4:      layout_cave_pools, nicolae_hepliaklqana_ecumenical_no_more,
          enter_ossuary_4, nicolae_take_the_stairs, minmay_liquid_box
D:5:      layout_loops_cross, minmay_temple_entry_offerings, serial_bayou_pond_d
D:6:      layout_gridville, sigmund_army, uniq_prince_ribbit1, uniq_sigmund
D:7:      layout_basic, nicolae_specific_store
D:8:      layout_loops_corners, serial_bayou_lagoon_a, solitary_fountain,
          minmay_misc_feat_iff, uniq_joseph, uniq_maurice, uniq_pikel
D:9:      minmay_separated_statues, layout_gridville,
          grunt_lair_entry_orc_guard_hut, uniq_grum
D:10:     layout_stronghold, enter_trove_2, serial_shops, shop, uniq_erolcha,
          uniq_josephine
D:11:     layout_basic, kennysheep_okawaru_gauntlet, uniq_nergalle
D:12:     layout_irregular_city, orc_david_3
Temple:   minmay_crystal_snake_temple
Lair:1:   layout_regular_city, minivault_23, infiniplex_staircase_pool_2,
          serial_bayou_shore_b
Lair:2:   layout_gridlike, ebering_ghost_rock_garden,
          cheibrodos_lair_caveside_slide, chequers_serial_rivers_small_b,
          serial_bayou_pond_d, lemuel_fruit_fields
Lair:3:   layout_regular_city, roderic_carrion_pond
Lair:4:   layout_regular_city, swamp_mist_pool,
          hellmonk_spider_entry_not_the_bees, hellmonk_ghost_happy_afterlife,
          serial_bayou_shore_a, lemuel_fruit_fields
Lair:5:   nzn_winding_woodlands_stair_cross
          [nzn_winding_woodlands_5x15_sidewinder,
          nzn_winding_woodlands_center_garden, nzn_winding_woodlands_5x15_twine,
          nzn_winding_woodlands_5x5_checkerboard,
          nzn_winding_woodlands_5x5_three, nzn_winding_woodlands_5x15_pool,
          nzn_winding_woodlands_center_lodge,
          nzn_winding_woodlands_5x15_river_crossing], layout_regular_city,
          serial_bayou_lake_a
Swamp:1:  nicolae_swamp_long_stream, layout_falls_marsh, hangedman_swamp_pad

Skill      XL: |  1  2  3  4  5  6  7  8  9 10 11 12 13 |
---------------+----------------------------------------+-----
Shields        | 4 |  4.0
Armour         | 4 6 7 9 10 | 10.4
Fighting       | 4 5 6 7 9 10 11 12 13 14 | 14.7
Maces & Flails | 3 4 5 6 7 8 10 11 12 13 14 | 14.6
Dodging        | 1 2 |  2.5
Throwing       | 2 3 |  3.2
Evocations     | 2 4 5 6 7 |  7.2
Bows           | 3 6 8 10 11 | 11.5
Stealth        | 1 |  1.0
Axes           | 2 6 8 |  8.5
Invocations    | |  0.2

Action                   |  1- 3 |  4- 6 |  7- 9 | 10-12 | 13-15 || total
-------------------------+-------+-------+-------+-------+-------++-------
Melee: Flail             |    56 |   106 |   215 |    13 |       ||   390
       Headbutt          |     7 |    18 |    49 |   118 |    85 ||   277
       Dire flail        |       |       |       |   437 |       ||   437
       Morningstar       |       |       |       |    38 |       ||    38
       Punch             |       |       |       |     3 |       ||     3
       Battleaxe         |       |       |       |    42 |   137 ||   179
       Broad axe         |       |       |       |    42 |       ||    42
       Shortbow          |       |       |       |     2 |       ||     2
       Great mace        |       |       |       |       |   184 ||   184
 Fire: Shortbow          |       |       |    18 |   216 |    33 ||   267
Throw: Stone             |       |     5 |    50 |       |       ||    55
       Dart              |       |       |     5 |     3 |       ||     8
       Boomerang         |       |       |       |    19 |     2 ||    21
Invok: Heroism           |       |       |     1 |     2 |       ||     3
Evoke: Wand              |       |       |     3 |    14 |     8 ||    25
  Use: Scroll            |       |     9 |     1 |    16 |     8 ||    34
       Potion            |       |     1 |     2 |    12 |     3 ||    18
Armor: Scale mail        |    18 |    21 |       |       |       ||    39
       Chain mail        |       |    27 |    62 |    15 |       ||   104
       Crystal plate arm |       |       |       |   235 |       ||   235
       Plate armour      |       |       |       |    66 |   263 ||   329
Dodge: Dodged            |    26 |    51 |   117 |   187 |   146 ||   527
Block: Buckler           |    16 |    29 |    96 |       |       ||   141
       Reflection        |       |       |     3 |     3 |     2 ||     8
       Other             |       |       |     5 |   115 |   110 ||   230
